Description

Note: I taked the build from the user Peekanoob and fixed the supply for a better read.

VOD

https://youtu.be/GOqxkPW9iFA?t=1852

Build Order

Get SALT Encoding   

  12  0:02  SCV  
  13  0:14  SCV  
  14  0:17  Supply Depot  
  15  0:26  SCV  
  16  0:38  SCV  
  16  0:39  Barracks  
  16  0:43  Refinery  
  16  0:51  SCV  
  17  1:03  SCV  
  18  1:15  SCV  
  19  1:26  Marine  
  20  1:27  Orbital Command  
  20  1:43  Command Center  
  20  1:53  SCV  
  21  1:56  Barracks  
  21  2:00  Barracks Reactor  
  21  2:05  SCV  
  22  2:10  Supply Depot  
  22  2:17  SCV  
  23  2:22  Barracks  
  23  2:37  Marine x2  
  25  2:43  Barracks Tech Lab  
  25  2:55  Marine x2, Orbital Command  
  27  3:02  Marauder  
  29  3:03  Stimpack  
  29  3:09  Barracks Tech Lab  
  29  3:13  Marine x2  
  31  3:24  Marauder x2  
  35  3:26  Supply Depot  
  35  3:29  Combat Shield  
  35  3:33  Marine x2  
  37  3:47  Marauder x2  
  41  3:50  Supply Depot  
  41  3:53  Marine  
  42  4:09  Command Center  
  42  4:25  Factory  
  42  4:27  Refinery x2  
  42  4:33  Refinery  
  42  4:44  Supply Depot  
  42  5:09  Engineering Bay x2  
  42  5:11  Factory Reactor, Starport  
Spawning Tool Build Advisor. Get it on Overwolf

Go to:

Details

  • Created by: Over
  • Published on: Oct 03, 2021
  • Modified on: Oct 03, 2021
  • Patch: 4.11.0
  • Difficulty: Easy
Show
View Real Time Build Order
Export as new Build Order

Comments (0)

There are no comments. Be the first!

Create an account to comment!